 Dungeon Crawl Stone Soup version 0.18-a0-1116-g1750dec (webtiles) character file.

158 Mysteryquy the Sneak (level 5, -7/27 HPs)
             Began as a Vine Stalker Assassin on Jan 17, 2016.
             Mangled by an ogre
             ... wielding a +0 giant club
              (13 damage)
             ... on level 3 of the Dungeon.
             The game lasted 00:04:22 (2561 turns).

Mysteryquy the Sneak (Vine Stalker Assassin)        Turns: 2561, Time: 00:04:22

Health: -7/27      AC:  5    Str: 13    XL:     5   Next: 39%
Magic:  0/6        EV: 13    Int: 11    God:
Gold:   122        SH:  0    Dex: 17    Spells: 0 memorised, 4 levels left

rFire  . . .     SeeInvis .     j - +2 dagger (holy)
rCold  . . .     Gourm    .     c - +0 robe
rNeg   . . .     Faith    .     (no shield)
rPois  .         Spirit   +     (no helmet)
rElec  .         Dismiss  .     d - +0 cloak
rCorr  .         Reflect  .     p - +0 pair of gloves
SustAt .         Harm     .     q - +0 pair of boots
MR     .....                    (no amulet)
Stlth  +++.......               (no ring)
                                (no ring)

@: not resistant to hostile enchantments, fairly stealthy
A: fangs 2, regeneration 1, magic shield, antimagic bite, no device heal 3, rot
immunity
a: no special abilities


You were on level 3 of the Dungeon.
You were not hungry.

You visited 1 branch of the dungeon, and saw 4 of its levels.

You collected 122 gold pieces.

Inventory:

Hand Weapons
 a - a +2 dagger
 b - a +0 blowgun
 j - a +2 dagger of holy wrath (weapon)
Missiles
 e - 8 poisoned needles
 f - a curare-tipped needle (quivered)
Armour
 c - a +0 robe (worn)
 d - a +0 cloak (worn)
 p - a +0 pair of gloves (worn)
 q - a +0 pair of boots (worn)
Jewellery
 u - a cursed ring of teleportation {unknown}
Wands
 t - a wand of disintegration (12/24)
Scrolls
 i - a scroll of immolation {unknown}
 k - 3 scrolls of remove curse {unknown}
 m - a scroll of amnesia {unknown}
 r - a scroll of teleportation {unknown}
 w - a scroll of enchant armour {unknown}
 x - a scroll of enchant weapon {unknown}
 y - a scroll of fog {unknown}
Potions
 h - a potion of invisibility {unknown}
 l - a potion of agility {unknown}
 n - a potion of haste {unknown}
 s - a potion of lignification {unknown}
Comestibles
 g - 2 bread rations
 o - 8 fruits
 v - a beef jerky
 z - a chunk of flesh


   Skills:
 + Level 2.5 Fighting
 + Level 2.2 Short Blades
 + Level 1.8 Throwing
 + Level 2.2 Dodging
 + Level 6.5 Stealth


You had 4 spell levels left.
You didn't know any spells.

Dungeon Overview and Level Annotations

Branches:
Dungeon (4/15)
 Temple: D:4-7

Altars:


Innate Abilities, Weirdness & Mutations

You have extremely sharp teeth.
Your natural rate of healing is unusually fast.
When hurt, damage is shared between your health and your magic reserves.
Your bite disrupts and absorbs the magic of your enemies.
Potions and wands cannot restore your health.
You are immune to rotting.


Message History

Drink which item? (? for menu, Esc to quit)
Okay, then.
Read which item? (? for menu, Esc to quit)
Okay, then.
Sorry, you're not good enough to have a special ability.
Quiver which item? (- for none, * to show all) (? for menu, Esc to quit)
Quivering
f - 2 curare-tipped needles for throwing.
What do you say? t - Shout!
Orders for allies: a - Attack new target. r - Retreat! s - Stop attacking. w - Wait here. f - Follow me.
Anything else - Stay silent.
Okay, then.
Tossing away (i - inventory):
f - 2 curare-tipped needles (quivered)
Press: ? - help, Shift-Dir - straight line, f - ogre
Aim: an ogre, wielding a giant club You toss away a curare-tipped needle.
The curare-tipped needle hits the ogre.
The ogre hits you with a giant club!
You die...

######...# ####.....#.#
##...##...###....###.#.##
##.........##..#### #....#
#.......##.##.## ##.#..
#.......##.#..# #.###
#.......#....#########.##.
##........................
#.......#.#.##########...#
#.......#@#.# ####.....##
#.......#O#.####....###...
##......#.#......#### ####
##.....#.##..#### ##
####.##.##### ###. #..#..#
##... #.#..## ##..##
#...## ##..### ##..##
####..## #


You could see an ogre.

Vanquished Creatures
  A scorpion (D:4)
  5 adders
  2 oozes (D:1)
  4 worms
  2 giant geckos
  7 giant cockroaches
  3 goblins (D:2)
  A hobgoblin (D:2)
  6 kobolds
  6 bats
  2 giant newts (D:2)
  6 rats
45 creatures vanquished.

Notes
Turn   | Place    | Note
--------------------------------------------------------------
     0 | D:1      | Mysteryquy the Vine Stalker Assassin began the quest for the Orb.
     0 | D:1      | Reached XP level 1. HP: 11/11 MP: 2/2
   259 | D:1      | Reached skill level 5 in Stealth
   380 | D:1      | Reached XP level 2. HP: 15/15 MP: 3/3
  1206 | D:2      | Reached skill level 1 in Dodging
  1206 | D:2      | Reached XP level 3. HP: 18/18 MP: 4/4
  1773 | D:2      | Reached XP level 4. HP: 19/23 MP: 5/5
  1813 | D:2      | Reached skill level 6 in Stealth
  2480 | D:4      | Noticed an ogre
  2483 | D:4      | Reached XP level 5. HP: 27/27 MP: 6/6
  2561 | D:3      | Mangled by an ogre

Vault maps used:
D:1:      elethiomel_arrival_maze
D:2:      first_bread, hangedman_decor_clover_reticule, serial_bayou_pond_a
D:4:      nicolae_ru_path_of_blood

Action                   |  1- 3 |  4- 6 || total
-------------------------+-------+-------++-------
Melee: Dagger            |    75 |    52 ||   127
 Stab: Sleeping          |     5 |     6 ||    11
       Distracted        |     1 |       ||     1
  Eat: Chunk             |     2 |     3 ||     5
